 Dungeon Crawl Stone Soup version 0.31-a0-435-g2c6fae2916 (webtiles) character file.

Game seed: 8114559196001829159

1826 cforsyth the Charlatan (level 9, 0/67 HPs)
             Began as a Gnoll Artificer on Aug 1, 2023.
             Succumbed to a killer bee's poison
             ... on level 7 of the Dungeon.
             The game lasted 00:17:31 (9123 turns).

cforsyth the Charlatan (Gnoll Artificer)            Turns: 9123, Time: 00:17:31

Health: 0/67       AC:  8    Str: 12    XL:     9   Next: 11%
Magic:  15/15      EV: 12    Int: 14    God:
Gold:   373        SH:  0    Dex: 13    Spells: 16/16 levels left

rFire   . . .        n - +2 dagger (vamp)
rCold   . . .        (no shield)
rNeg    . . .        z - +0 ring mail
rPois   .            y - +1 helmet
rElec   .            (no cloak)
rCorr   .            (no gloves)
SInv    .            (no boots)
Will    .....        (no amulet)
Stlth   ++           (no ring)
HPRegen 0.31/turn    (no ring)
MPRegen 0.14/turn

%: no passive effects
@: lethally poisoned (0 -> -26), hasted, very quick
A: fangs 1, strong nose, distributed training
a: no special abilities


You were on level 7 of the Dungeon.
You visited 2 branches of the dungeon, and saw 8 of its levels.
You also visited: Sewer.

You collected 373 gold pieces.

Inventory:

Hand Weapons
 a - a +0 club
 n - a +2 vampiric dagger (weapon)
Missiles
 r - 3 poisoned darts
 B - 2 throwing nets
 E - 3 curare-tipped darts
Armour
 b - a +0 leather armour
 o - a +0 helmet
 y - a +1 helmet (worn)
 z - a +0 ring mail (worn)
Jewellery
 A - an amulet of guardian spirit
Wands
 c - a wand of flame (17) (quivered)
 d - a wand of charming (9)
 e - a wand of iceblast (5)
Scrolls
 f - 3 scrolls of poison {unknown}
 h - a scroll of fear {unknown}
 i - 8 scrolls of identify {unknown}
 j - 2 scrolls of blinking
 l - a scroll of brand weapon {unknown}
 m - 2 scrolls of teleportation
 p - 2 scrolls of amnesia {unknown}
 s - 2 scrolls of summoning {unknown}
 t - a scroll of silence {unknown}
 x - 2 scrolls of immolation {unknown}
 C - a scroll of enchant armour {unknown}
 D - a scroll of fog {unknown}
 F - a scroll of revelation {unknown}
 K - a scroll of noise {unknown}
Potions
 g - a potion of heal wounds {unknown}
 k - 2 potions of attraction {unknown}
 q - 2 potions of haste
 u - 2 potions of brilliance {unknown}
 v - a potion of might {unknown}
 w - a potion of lignification {unknown}
 G - a potion of enlightenment {unknown}
 H - 2 potions of resistance {unknown}
 I - 2 potions of invisibility {unknown}
 J - a potion of curing {unknown}


   Skills:
 + Level 4.8 Fighting
 + Level 4.0 Short Blades
 + Level 4.0 Long Blades
 + Level 4.0 Axes
 + Level 4.0 Maces & Flails
 + Level 4.0 Polearms
 + Level 4.0 Staves
 + Level 4.0 Ranged Weapons
 + Level 4.0 Throwing
 + Level 6.1 Armour
 + Level 4.8 Dodging
 + Level 4.7 Stealth
 + Level 4.0 Shields
 + Level 4.0 Unarmed Combat
 + Level 4.0 Spellcasting
 + Level 3.2 Conjurations
 + Level 3.2 Hexes
 + Level 3.2 Summonings
 + Level 3.2 Necromancy
 + Level 3.2 Translocations
 + Level 3.2 Transmutations
 + Level 3.2 Fire Magic
 + Level 3.2 Ice Magic
 + Level 3.2 Air Magic
 + Level 3.2 Earth Magic
 + Level 3.2 Poison Magic
 + Level 4.4 Invocations
 + Level 7.7 Evocations
 + Level 3.2 Shapeshifting


You had 16 spell levels left.
You didn't know any spells.
Your spell library contained the following spells:

 Spells                   Type           Power      Damage    Failure   Level
 Ensorcelled Hibernation  Hex/Ice        22%        N/A       16%         2
 Anguish                  Hex/Necr       5%         N/A       71%         4


Dungeon Overview and Level Annotations

Branches:
Dungeon (7/15)             Temple (1/1) D:4           Sewer (visited)

Altars:
Dithmenos
Fedhas
Gozag
Kikubaaqudgha
Nemelex Xobeh
Okawaru
Qazlal
Ru
Sif Muna
Trog
Uskayaw
Vehumet
Wu Jian
Xom
Yredelemnul
Zin
The Shining One

Shops:
D:1 =   D:4 !


Innate Abilities, Weirdness & Mutations

You have very sharp teeth.
Your uncanny sense of smell can sniff out nearby items.
Your experience applies equally to all skills.


Message History

The iguana is moderately wounded.
The killer bee stings you.
The killer bee stings you but does no damage.
The iguana closely misses you. The killer bee barely misses you.
The killer bee stings you but does no damage.
You hit the iguana.
You feel better.
The iguana is moderately wounded.
The killer bee completely misses you.
The killer bee stings you but does no damage.
The iguana barely misses you.
You barely miss the iguana.
The iguana is moderately wounded.
The killer bee barely misses you.
The killer bee stings you but does no damage.
The killer bee stings you.
You are poisoned.
The killer bee poisons you! The killer bee stings you. x3
The iguana bites you but does no damage.
The killer bee attacks as you move away!
The killer bee misses you.
The killer bee attacks as you move away!
The killer bee stings you but does no damage.
You feel very sick. The killer bee stings you.
* * * LOW HITPOINT WARNING * * *
You are more poisoned.
The killer bee poisons you! The killer bee stings you.
* * * LOW HITPOINT WARNING * * *
You are more poisoned.
The killer bee poisons you! The killer bee closely misses you.
There is an open door here.
The killer bee attacks as you move away!
The killer bee stings you.
* * * LOW HITPOINT WARNING * * *
You are more poisoned.
The killer bee poisons you!
* * * LOW HITPOINT WARNING * * *
You feel extremely sick.
It was a potion of haste.
You feel yourself speed up.
You die...

#####+#############'#....#....#.+
....................#..##.....#..
....................#..........(.
..##..##............'....#.......
..##..##............#....######..
......##...##...##..##...# #..
......##...#######..##...# #..
####+###....#....'.......# #..
.......#....#...@#.......# #..
.......########y########## +..
.............lyyy$..... #..
..............yy....... #..
....................... ....
.............[......... ....
...####.......############ .....
...# #.......#....#.....#.......
...# #.......#..........#.......


You could see an iguana and 5 killer bees.

Vanquished Creatures
  2 sky beasts (D:6)
  3 centaurs
  3 kobold brigands
  3 bullfrogs
  A scorpion (D:4)
  4 howler monkeys
  2 hounds
  4 jellies
  An orc priest (D:6)
  A sleepcap (D:5)
  A gnoll bouda (D:5)
  3 iguanas
  2 orc wizards
  6 gnolls (D:5)
  14 adders
  3 river rats (Sewer)
  A shadow imp (D:7)
  A worm (D:4)
  A dart slug (D:1)
  12 orcs
  3 ball pythons
  6 bats
  7 endoplasms
  3 giant cockroaches
  7 goblins
  8 hobgoblins
  3 jackals (Sewer)
  5 quokkas
  5 frilled lizards (Sewer)
  18 kobolds
  8 rats
141 creatures vanquished.

Vanquished Creatures (collateral kills)
  A jelly (D:5)
  2 gnolls (D:5)
  An orc (D:6)
4 creatures vanquished.

Vanquished Creatures (others)
  An ogre (D:4)
  An iguana (D:5)
  An orc (D:6)
3 creatures vanquished.

Grand Total: 148 creatures vanquished

Notes
Turn   | Place    | Note
-------+----------+-------------------------------------------
     0 | D:1      | cforsyth the Gnoll Artificer began the quest for the Orb.
     0 | D:1      | Reached XP level 1. HP: 17/17 MP: 1/1
   192 | D:1      | Reached XP level 2. HP: 23/23 MP: 2/2
   414 | D:1      | Found Baingu's Jewellery Shop.
   903 | D:2      | Reached XP level 3. HP: 10/28 MP: 2/4
  1059 | D:2      | Reached skill level 1 in Invocations
  1513 | D:2      | Reached skill level 1 in Short Blades
  1513 | D:2      | Reached skill level 1 in Long Blades
  1513 | D:2      | Reached skill level 1 in Axes
  1513 | D:2      | Reached skill level 1 in Maces & Flails
  1513 | D:2      | Reached skill level 1 in Polearms
  1513 | D:2      | Reached skill level 1 in Staves
  1513 | D:2      | Reached skill level 1 in Ranged Weapons
  1513 | D:2      | Reached skill level 1 in Throwing
  1513 | D:2      | Reached skill level 1 in Shields
  1513 | D:2      | Reached skill level 1 in Unarmed Combat
  1513 | D:2      | Reached skill level 1 in Spellcasting
  1762 | D:2      | You fall into a shaft and drop 2 floors!
  1780 | D:4      | Reached XP level 4. HP: 34/34 MP: 5/5
  1805 | D:4      | Reached skill level 1 in Conjurations
  1805 | D:4      | Reached skill level 1 in Hexes
  1805 | D:4      | Reached skill level 1 in Summonings
  1805 | D:4      | Reached skill level 1 in Necromancy
  1805 | D:4      | Reached skill level 1 in Translocations
  1805 | D:4      | Reached skill level 1 in Transmutations
  1805 | D:4      | Reached skill level 1 in Fire Magic
  1805 | D:4      | Reached skill level 1 in Ice Magic
  1805 | D:4      | Reached skill level 1 in Air Magic
  1805 | D:4      | Reached skill level 1 in Earth Magic
  1805 | D:4      | Reached skill level 1 in Poison Magic
  1805 | D:4      | Reached skill level 1 in Shapeshifting
  1825 | D:4      | Found Konamut's Distillery.
  2037 | D:4      | Reached XP level 5. HP: 28/40 MP: 5/7
  2127 | D:4      | Found a glowing drain.
  2144 | Sewer    | Entered a sewer
  2282 | Sewer    | Noticed a kobold brigand
  2298 | Sewer    | Killed a kobold brigand
  2380 | Sewer    | Reached XP level 6. HP: 43/47 MP: 8/8
  2765 | Sewer    | Reached skill level 5 in Armour
  3753 | D:3      | Found a radiant altar of Vehumet.
  4540 | D:4      | Found a staircase to the Ecumenical Temple.
  4555 | Temple   | Entered the Ecumenical Temple
  4666 | D:4      | Reached skill level 7 in Evocations
  4666 | D:4      | Reached XP level 7. HP: 7/52 MP: 10/10
  4976 | D:4      | Found a glowing golden altar of the Shining One.
  5009 | D:5      | Entered Level 5 of the Dungeon
  5266 | D:5      | HP: 2/53 [centaur (4)]
  5779 | D:5      | Reached XP level 8. HP: 60/60 MP: 12/12
  8515 | D:7      | Found a shadowy altar of Dithmenos.
  8717 | D:7      | Reached XP level 9. HP: 52/66 MP: 14/14
  9123 | D:7      | Succumbed to a killer bee's poison

Illustrated notes

Levels and vault maps discovered:
D:1:      eino_arrival_water_cross, layout_basic, serial_shops, shop_statue,
          hangedman_decor_points
D:2:      minmay_skewed_foursquare, layout_basic
D:3:      layout_basic, mainiacjoe_overflow_24_doors
D:4:      layout_loops_ring, overflow_temple_1_default,
          minmay_temple_entry_glass, gup_sewer_entry_spiral, serial_shops,
          kennysheep_mini
D:5:      cheibrodos_thug_alley, layout_loops_ring, hangedman_glass_teeth
D:6:      nicolae_BIG_FREAKIN_CUBE, layout_loops_corners
D:7:      layout_gridville, nicolae_dithmenos_the_darkroom, chequers_jeans,
          minivault_14, minmay_misc_feat_chi
Temple:   nicolae_temple_bog_church

Skill      XL: |  1  2  3  4  5  6  7  8  9 |
---------------+----------------------------+-----
Invocations    | 1 2 3 4 |  4.4
Short Blades   | 1 2 3 4 |  4.0
Long Blades    | 1 2 3 4 |  4.0
Axes           | 1 2 3 4 |  4.0
Maces & Flails | 1 2 3 4 |  4.0
Polearms       | 1 2 3 4 |  4.0
Staves         | 1 2 3 4 |  4.0
Ranged Weapons | 1 2 3 4 |  4.0
Throwing       | 1 2 3 4 |  4.0
Shields        | 1 2 3 4 |  4.0
Unarmed Combat | 1 2 3 4 |  4.0
Spellcasting   | 1 2 3 4 |  4.0
Conjurations   | 1 2 3 |  3.2
Hexes          | 1 2 3 |  3.2
Summonings     | 1 2 3 |  3.2
Necromancy     | 1 2 3 |  3.2
Translocations | 1 2 3 |  3.2
Transmutations | 1 2 3 |  3.2
Fire Magic     | 1 2 3 |  3.2
Ice Magic      | 1 2 3 |  3.2
Air Magic      | 1 2 3 |  3.2
Earth Magic    | 1 2 3 |  3.2
Poison Magic   | 1 2 3 |  3.2
Shapeshifting  | 1 2 3 |  3.2
Fighting       | 3 4 |  4.8
Dodging        | 3 4 |  4.8
Stealth        | 3 4 |  4.7
Armour         | 5 6 |  6.1
Evocations     | 7 |  7.7

Action                     |  1- 3 |  4- 6 |  7- 9 || total
---------------------------+-------+-------+-------++-------
  Melee: Club              |    94 |       |       ||    94
         Bite              |    12 |    35 |    67 ||   114
         Dagger            |    70 |   241 |   571 ||   882
         Punch             |     1 |     3 |    18 ||    22
  Evoke: Wand              |     1 |    19 |    13 ||    33
    Use: Scroll            |       |       |     2 ||     2
         Potion            |       |       |     1 ||     1
   Stab: Sleeping          |     1 |     6 |     4 ||    11
         Distracted        |       |       |     1 ||     1
 Armour: Leather armour    |    52 |    70 |       ||   122
         Ring mail         |       |    13 |   214 ||   227
  Dodge: Dodged            |   112 |   135 |   310 ||   557

Table legend: (Time is in decaauts)
 A = Elapsed time spent in this place.
 B = Non-inter-level travel time spent in this place.
 C = Inter-level travel time spent in this place.
 D = Time resting spent in this place.
 E = Time spent auto-exploring this place.
 F = Levels seen in this place.
 G = Mean time per level.
                   A        B        C        D        E       F      G
               +--------+--------+--------+--------+--------+-----+--------+
         Total |   9239 |   8891 |    348 |    660 |   6089 |   9 | 1026.6 |
       Dungeon |   8063 |   7725 |    338 |    557 |   5330 |   7 | 1151.9 |
        Temple |     20 |     10 |     10 |      0 |      0 |   1 |   20.0 |
         Sewer |   1155 |   1155 |      0 |    103 |    759 |   1 | 1155.0 |
               +--------+--------+--------+--------+--------+-----+--------+

Top non-repeatable levels by time:
     D:4: 1577 daAuts
     D:5: 1529 daAuts
     D:6: 1447 daAuts
   Sewer: 1155 daAuts
     D:2: 1082 daAuts
     D:3: 900 daAuts
     D:1: 841 daAuts
     D:7: 685 daAuts
  Temple: 20 daAuts
